 Dungeon Crawl Stone Soup version 0.17.1-3-g152610e (webtiles) character file.

39492 MrTails the Executioner (level 13, -14/95 HPs)
             Began as a Minotaur Berserker on Feb 17, 2016.
             Was a High Priest of Trog.
             Demolished by a spiny frog (17 damage)
             ... on level 8 of the Lair of Beasts.
             The game lasted 01:22:46 (21721 turns).

MrTails the Executioner (Minotaur Berserker)       Turns: 21721, Time: 01:22:46

Health: -14/95     AC: 24    Str: 28    XL:     13   Next: 69%
Magic:  12/12      EV:  9    Int:  6    God:    Trog [*****.]
Gold:   980        SH:  0    Dex:  9    Spells: 0 memorised, 12 levels left

rFire  . . .     SeeInvis .     f - +5 executioner's axe (distort)
rCold  + . .     Clarity  .     G - +4 chain mail
rNeg   . . .     SustAt   .     (shield currently unavailable)
rPois  .         Gourm    .     (helmet restricted)
rElec  .         Spirit   .     o - +0 cloak
rCorr  .         Warding  .     Q - +0 pair of gloves
rMut   .         Stasis   .     C - +0 pair of boots
MR     .....                    (no amulet)
Stlth  ..........               F - ring of protection from cold
                                n - +3 ring of protection

@: not resistant to hostile enchantments, extremely unstealthy
A: retaliatory headbutt, horns 2, clever 1
a: Berserk, Trog's Hand, Brothers in Arms, Burn Spellbooks, Renounce Religion


You were on level 8 of the Lair of Beasts.
You worshipped Trog.
Trog was extremely pleased with you.
You were not hungry.

You visited 2 branches of the dungeon, and saw 15 of its levels.
You also visited: Sewer.

You collected 980 gold pieces.

Inventory:

Hand Weapons
 a - a +0 hand axe
 f - a +5 executioner's axe of distortion (weapon)
 m - a +8 antimagic battleaxe
 E - a +0 hand axe of holy wrath
Armour
 b - a +1 animal skin
 g - a +0 chain mail
 o - a +0 cloak (worn)
 C - a +0 pair of boots (worn)
 G - a +4 chain mail (worn)
 Q - a +0 pair of gloves (worn)
Jewellery
 h - a +3 ring of dexterity
 i - a +2 ring of protection
 l - an uncursed ring of positive energy {unknown}
 n - a +3 ring of protection (left hand)
 D - an uncursed ring of sustain attributes
 F - a ring of protection from cold (right hand)
Wands
 w - a wand of draining (9)
 x - a wand of frost (20)
 H - a wand of random effects (23)
 I - a wand of draining (7)
 J - a wand of digging (6)
 P - a wand of random effects (9)
 T - a wand of lightning (4)
 U - a wand of flame (17)
 V - a wand of confusion (14)
Scrolls
 e - 7 scrolls of identify
 j - 3 scrolls of magic mapping
 u - 3 scrolls of enchant armour
 v - 5 scrolls of remove curse
 y - a scroll of teleportation
Potions
 c - a potion of invisibility {unknown}
 d - a potion of cure mutation {unknown}
 q - 3 potions of might
 r - 4 potions of brilliance
 t - 2 potions of berserk rage
 z - 4 potions of flight
 A - 2 potions of agility
Comestibles
 k - 6 beef jerkies
 B - 4 bread rations
 S - 3 fruits


   Skills:
 - Level 3.6 Fighting
 * Level 21.9 Axes
 + Level 13.6 Armour
 - Level 2.1 Dodging
 - Level 4.0 Stealth


You had 12 spell levels left.
You didn't know any spells.

Dungeon Overview and Level Annotations

Branches:
Dungeon (8/15)             Temple (0/1) D:6            Lair (8/8) D:8
  Swamp (0/4) Lair:4        Snake (0/4) Lair:4
  Slime: Lair:6-8

Altars:
Ashenzari
Cheibriados
Gozag
Makhleb
Nemelex Xobeh
Okawaru
Vehumet


Innate Abilities, Weirdness & Mutations

You reflexively headbutt those who attack you in melee.
You have a pair of horns on your head.
Your mind is acute. (Int +2)


Message History

You start resting.
You feel sick.
You feel sick. The spiny frog stings you!
* * * LOW HITPOINT WARNING * * *
You are lethally poisoned!
The spiny frog poisons you!
You hear a croak.
You closely miss the spiny frog.
The spiny frog is lightly wounded.
* * * LOW HITPOINT WARNING * * *
You feel sick.
The spiny frog stings you but does no damage.
You feel better. The spiny frog stings you!
* * * LOW HITPOINT WARNING * * *
A spiny frog comes into view.
The spiny frog gives a loud, deep croak!
Your chain mail prevents you from hitting the spiny frog.
You headbutt the spiny frog.
The spiny frog is lightly wounded.
The spiny frog stings you!
You die...

# #P.### ##..........P...#
##..P# ##..............# #..(
#.#..# #.......F......# ##.P...
#...#####.........P....###......
##..P##..........÷..P...##..P..≈
##..P###..........P..#.......≈P
#...####........##...##...F.P≈≈
##...###........####..##.....≈≈≈
#.....#....#...@###...#....≈..≈≈
##....#...#...F#O##...#...$.P≈≈≈
#..÷÷÷.........##....†)†.†..≈≈≈
#..÷####.........†.........P.≈≈
#...# #P.P.............P.)..≈≈
#.#..# ##......P..#P..#.......≈
##...# #.#..P.....S..........≈≈
..... ###......PP...PP.#.≈...≈
#...##. .....#.....##..###.P≈P≈


You could see 2 spiny frogs and a friendly two-headed ogre (berserk).

Vanquished Creatures
  2 hydras
  A catoblepas (Lair:8)
  A death yak (Lair:8)
  A griffon (Lair:4)
  24 spiny frogs
  A torpor snail (Lair:4)
  8 elephants
  9 black mambas
  6 komodo dragons
  2 fire drakes
  25 blink frogs
  2 giant leeches (Lair:8)
  A polar bear (Lair:5)
  A troll (D:8)
  2 slime creatures
  15 yaks
  2 hippogriffs
  9 wolves
  Eustachio (D:4)
  Grum (D:8)
  Menkaure (D:4)
  9 vampire mosquitoes (Lair:8)
  2 humans (D:7)
  4 swamp worms (Lair:4)
  13 water moccasins
  Duvessa (D:7)
  3 ice beasts
  An orc warrior (D:6)
  3 sky beasts
  8 porcupines
  5 ogres
  A centaur (D:7)
  3 phantoms
  18 crocodiles
  33 giant frogs
  2 scorpions
  Dowan (D:7)
  2 electric eels (Lair:3)
  2 crimson imps (D:8)
  6 hounds
  4 jellies (D:6)
  2 centaur skeletons
  2 giant frog skeletons (D:8)
  4 worker ants
  Natasha (thrice) (D:4)
  6 orc priests
  11 orc wizards
  3 iguanas
  6 sheep (Lair:5)
  A hound zombie (D:5)
  A hound skeleton (D:4)
  Robin (D:3)
  16 adders
  33 river rats
  20 oozes
  A worm (D:2)
  An adder skeleton (D:6)
  16 giant geckos
  31 orcs
  10 bats
  8 giant cockroaches
  7 hobgoblins
  22 jackals
  21 kobolds
  7 ball pythons
  A giant gecko skeleton (D:4)
  6 giant newts
  13 goblins
  3 jackal skeletons
  2 quokkas
  2 quokka skeletons
  35 rats
  A bush (Lair:8)
  11 fungi
  13 plants
556 creatures vanquished.

Vanquished Creatures (collateral kills)
  2 hydras
  2 spiny frogs
  A blink frog (Lair:1)
  2 swamp worms (Lair:4)
  2 electric eels
9 creatures vanquished.

Vanquished Creatures (others)
  A crocodile (Lair:5)
  A river rat (Lair:8)
  4 bushes
  77 fungi
  48 plants
131 creatures vanquished.

Grand Total: 696 creatures vanquished

Notes
Turn   | Place    | Note
--------------------------------------------------------------
     0 | D:1      | MrTails the Minotaur Berserker began the quest for the Orb.
     0 | D:1      | Reached XP level 1. HP: 19/19 MP: 0/0
    40 | D:1      | Reached skill level 4 in Axes
   157 | D:1      | Reached XP level 2. HP: 23/26 MP: 1/1
   853 | D:2      | Reached skill level 5 in Axes
   862 | D:2      | Reached XP level 3. HP: 17/31 MP: 2/2
  1139 | D:2      | Reached ** piety under Trog
  1683 | D:3      | Reached XP level 4. HP: 39/39 MP: 3/3
  1773 | D:3      | Reached skill level 6 in Axes
  1848 | D:3      | Found a glowing drain.
  1983 | Sewer    | Entered a sewer
  2041 | Sewer    | Reached *** piety under Trog
  2311 | Sewer    | Reached XP level 5. HP: 45/45 MP: 4/4
  2318 | Sewer    | Reached skill level 7 in Axes
  2539 | Sewer    | Reached **** piety under Trog
  2921 | D:3      | Found an opulent altar of Gozag.
  2922 | D:3      | Found a radiant altar of Vehumet.
  2922 | D:3      | Found a sparkling altar of Nemelex Xobeh.
  3086 | D:3      | Noticed Robin
  3092 | D:3      | Reached skill level 1 in Stealth
  3099 | D:3      | Killed Robin
  3167 | D:3      | Reached XP level 6. HP: 43/51 MP: 5/5
  3174 | D:3      | Reached skill level 8 in Axes
  3547 | D:3      | Reached ***** piety under Trog
  4006 | D:4      | Found a burning altar of Makhleb.
  4170 | D:4      | Reached skill level 9 in Axes
  4175 | D:4      | Noticed Natasha
  4184 | D:4      | Killed Natasha
  4188 | D:4      | Noticed Menkaure
  4192 | D:4      | Noticed Natasha
  4196 | D:4      | Killed Menkaure
  4196 | D:4      | Reached XP level 7. HP: 57/57 MP: 6/6
  4199 | D:4      | Killed Natasha
  4407 | D:4      | Reached skill level 10 in Axes
  4670 | D:4      | Noticed Natasha
  4673 | D:4      | Killed Natasha
  4801 | D:4      | Noticed Eustachio
  4811 | D:4      | Killed Eustachio
  4811 | D:4      | Reached XP level 8. HP: 64/64 MP: 7/7
  4842 | D:5      | Entered Level 5 of the Dungeon
  4849 | D:5      | Received a gift from Trog
  4849 | D:5      | Reached skill level 11 in Axes
  5245 | D:5      | Reached skill level 12 in Axes
  5966 | D:6      | Found a snail-covered altar of Cheibriados.
  6043 | D:6      | Found a staircase to the Ecumenical Temple.
  6173 | D:6      | Noticed a slime creature
  6189 | D:6      | Killed a slime creature
  6189 | D:6      | Reached skill level 13 in Axes
  6189 | D:6      | Reached XP level 9. HP: 70/70 MP: 8/8
  6446 | D:6      | Received a gift from Trog
  6603 | D:6      | Reached skill level 14 in Axes
  7091 | D:7      | Found an iron altar of Okawaru.
  7473 | D:7      | Noticed Duvessa
  7475 | D:7      | Noticed Dowan
  7499 | D:7      | Killed Dowan
  7537 | D:7      | Killed Duvessa
  8155 | D:8      | Found a shattered altar of Ashenzari.
  8191 | D:8      | Found a staircase to the Lair.
  8291 | D:8      | Reached skill level 15 in Axes
  8607 | D:8      | Reached skill level 5 in Armour
  8607 | D:8      | Reached XP level 10. HP: 56/77 MP: 9/9
  8625 | D:8      | Noticed Grum
  8630 | D:8      | Killed Grum
  9022 | D:8      | Found an iron altar of Okawaru.
  9367 | Lair:1   | Entered Level 1 of the Lair of Beasts
  9551 | Lair:1   | Reached skill level 16 in Axes
  9742 | Lair:1   | Reached ****** piety under Trog
 10050 | Lair:1   | Found a dark tunnel.
 10192 | Lair:1   | Reached skill level 17 in Axes
 10192 | Lair:1   | Reached XP level 11. HP: 36/82 MP: 10/10
 10449 | Lair:1   | Noticed a four-headed hydra
 10519 | Lair:1   | Killed a five-headed hydra
 10530 | Lair:1   | Received a gift from Trog
 12098 | Lair:2   | Reached skill level 18 in Axes
 12650 | Lair:2   | Noticed a seven-headed hydra
 12659 | Lair:2   | Killed a seven-headed hydra
 13469 | Lair:3   | Reached skill level 10 in Armour
 14113 | Lair:3   | Reached XP level 12. HP: 41/90 MP: 11/11
 14854 | Lair:3   | Reached skill level 19 in Axes
 16368 | Lair:4   | Received a gift from Trog
 16502 | Lair:4   | Found a staircase to the Snake Pit.
 17080 | Lair:4   | Found a staircase to the Swamp.
 18353 | Lair:4   | Gained mutation: Your mind is acute. (Int +2) [potion of beneficial mutation]
 18398 | Lair:5   | Reached skill level 20 in Axes
 19037 | Lair:5   | Noticed a seven-headed hydra
 19044 | Lair:5   | Killed a ten-headed hydra
 19099 | Lair:5   | You fall through a shaft for 2 floors!
 19655 | Lair:7   | Received a gift from Trog
 19728 | Lair:7   | Reached XP level 13. HP: 70/95 MP: 12/12
 20436 | Lair:8   | Entered Level 8 of the Lair of Beasts
 20531 | Lair:8   | Reached skill level 21 in Axes
 21548 | Lair:8   | Received a gift from Trog
 21720 | Lair:8   | HP: 3/95 [spiny frog (14)]
 21721 | Lair:8   | Demolished by a spiny frog

Action                   |  1- 3 |  4- 6 |  7- 9 | 10-12 | 13-15 || total
-------------------------+-------+-------+-------+-------+-------++-------
Melee: Hand axe          |    80 |   179 |   443 |   728 |       ||  1430
       Executioner's axe |       |       |       |    64 |   229 ||   293
Invok: Berserk           |     1 |     3 |     7 |    20 |     4 ||    35
       Burn Spellbooks   |       |       |     2 |     2 |       ||     4
       Trog's Hand       |       |       |       |     2 |     2 ||     4
       Brothers in Arms  |       |       |       |     4 |     2 ||     6
  Use: Scroll            |       |     8 |     4 |    14 |     1 ||    27
       Potion            |       |     6 |       |    16 |     8 ||    30
 Stab: Sleeping          |       |     2 |       |       |       ||     2
  Eat: Chunk             |     3 |     4 |     9 |    26 |     2 ||    44
       Bread ration      |       |     2 |     1 |     4 |     1 ||     8
       Meat ration       |       |       |     1 |     1 |     1 ||     3
       Royal jelly       |       |       |     1 |       |       ||     1
       Fruit             |       |       |       |     6 |       ||     6
       Pizza             |       |       |       |     2 |       ||     2
